 Dungeon Crawl Stone Soup version 0.28-a0-1613-gdaab1c2f9b (webtiles) character file.

Game seed: 561668566213525607

113 ragingrage the Charlatan (level 4, -1/28 HPs)
             Began as a Gargoyle Artificer on Jan 22, 2022.
             Was an Initiate of Okawaru.
             Slain by a gnoll (2 damage)
             ... on level 3 of the Dungeon.
             The game lasted 00:02:53 (2979 turns).

ragingrage the Charlatan (Gargoyle Artificer)       Turns: 2979, Time: 00:02:53

Health: -1/28      AC:  9    Str: 17    XL:     4   Next: 96%
Magic:  4/4        EV: 10    Int: 12    God:    Okawaru [......]
Gold:   61         SH:  0    Dex: 10    Spells: 3/3 levels left

rFire   . . .      SeeInvis .   a - +0 halberd
rCold   . . .      Faith    .   (shield currently unavailable)
rNeg    + . .      Spirit   .   j - +0 ring mail
rPois   ∞          Reflect  .   (no helmet)
rElec   +          Harm     .   (no cloak)
rCorr   .          Rampage  .   (no gloves)
Will    .....                   (no boots)
Stlth   +.........              (no amulet)
HPRegen 0.09/turn               (no ring)
MPRegen 0.09/turn               (no ring)

@: flying, hasted, very quick
A: sickness immunity, AC +3, negative energy resistance 1, electricity
resistance, torment resistance 1, petrification resistance
a: Renounce Religion


You were on level 3 of the Dungeon.
You worshipped Okawaru.
Okawaru was noncommittal.
You visited 1 branch of the dungeon, and saw 3 of its levels.

You collected 92 gold pieces.
You spent 31 gold pieces at shops.

Inventory:

Hand Weapons
 a - a +0 halberd (weapon)
 b - a +0 hunting sling
Missiles
 d - 23 sling bullets
 n - 6 javelins
Armour
 j - a +0 ring mail (worn)
Wands
 c - a wand of flame (12) (quivered)
Scrolls
 g - 2 scrolls of fog
 k - a scroll of immolation {unknown}
 l - a scroll of teleportation {unknown}
 m - a scroll of holy word {unknown}
Miscellaneous
 e - a piece from Xom's chessboard (15/15)


   Skills:
 + Level 3.5 Fighting
 - Level 2.1 Armour
 - Level 0.7 Dodging
 - Level 1.1 Stealth
 + Level 4.0 Evocations


You had 3 spell levels left.
You didn't know any spells.
Your spell library was empty.

Dungeon Overview and Level Annotations

Branches:
Dungeon (3/15)

Altars:
Okawaru

Shops:
D:1 =   D:2 (


Innate Abilities, Weirdness & Mutations

You are immune to sickness and miasma.
Your stone body is resilient. (AC +3)
You are immune to poison.
You resist negative energy. (rN+)
You are resistant to electric shocks. (rElec)
You are resistant to unholy torment.
You are immune to petrification.


Message History

The gnoll shaman calls upon its god to speed up the gnoll.
The gnoll seems to speed up.
You closely miss the gnoll shaman.
The gnoll shaman is severely wounded.
The gnoll shaman closely misses you. The gnoll closely misses you.
The gnoll shaman barely misses you.
You hit the gnoll shaman but do no damage.
The gnoll shaman is severely wounded.
The gnoll hits you from afar with a +0 spear.
The gnoll completely misses you. The gnoll shaman closely misses you.
You hit the gnoll shaman.
The gnoll shaman is severely wounded.
The gnoll hits you but does no damage.
A gnoll comes into view. It is wielding a +0 whip.
The gnoll shaman hits you with a +0 hand axe!
The gnoll hits you from afar with a +0 spear.
The gnoll shaman closely misses you.
You slash the gnoll shaman!
You kill the gnoll shaman!
Okawaru accepts your kill.
The gnoll hits you from afar with a +0 spear!
* * * LOW HITPOINT WARNING * * *
The gnoll barely misses you.
The gnoll hits you from afar with a +0 spear.
* * * LOW HITPOINT WARNING * * *
Your Evocations skill increases to level 4!
You see here a +0 short sword.
As you read the scroll labelled MENIFU XYPREO, it crumbles to dust.
It is a scroll of identify.
g - 2 scrolls of fog The gnoll hits you from afar with a +0 spear.
* * * LOW HITPOINT WARNING * * *
The gnoll hits you but does no damage.
It was a potion of flight.
You feel very buoyant.
You fly up into the air.
The gnoll barely misses you.
Unknown command.
It was a potion of haste.
You feel yourself speed up.
The gnoll hits you from afar with a +0 spear.
You die...

###.###.#.#
.........#####
.......g......#
################.# .. #(#
.. ### #g# .. ..# #g# #.#
#.# #.# #@# ### #.# #.#
... #.# ##.######### ##
#.# #..........#
#####'#########.##.####.#
#...............##...##
..........#..#..#..#..#
..........#.###...###.#
..........#..#..#..#.)#


You could see 2 gnolls.

Vanquished Creatures
  A gnoll shaman (D:3)
  A gnoll (D:3)
  2 adders
  A worm (D:2)
  2 dart slugs
  6 bats
  2 endoplasms (D:3)
  A giant cockroach (D:1)
  5 goblins
  5 hobgoblins (D:1)
  8 jackals
  3 kobolds (D:1)
  3 quokkas
  2 ball pythons
  4 frilled lizards
  A rat (D:1)
47 creatures vanquished.

Vanquished Creatures (others)
  5 demonic plants (D:3)
  2 fungi (D:3)
  A plant (D:3)
  3 withered plants (D:3)
11 creatures vanquished.

Grand Total: 58 creatures vanquished

Notes
Turn   | Place    | Note
-------+----------+-------------------------------------------
     0 | D:1      | ragingrage the Gargoyle Artificer began the quest for the
                  | Orb.
     0 | D:1      | Reached XP level 1. HP: 12/12 MP: 1/1
   198 | D:1      | Found Qyump's Jewellery Shop.
   381 | D:1      | Reached XP level 2. HP: 17/17 MP: 2/2
   387 | D:1      | Reached skill level 3 in Evocations
   731 | D:1      | You fall into a shaft and drop 1 floor!
   751 | D:2      | Reached XP level 3. HP: 15/22 MP: 3/3
   888 | D:2      | Found Ramaisusk's Antique Weapon Boutique.
  2200 | D:2      | Found an iron altar of Okawaru.
  2281 | D:2      | Reached XP level 4. HP: 17/28 MP: 4/4
  2305 | D:2      | Became a worshipper of Warmaster Okawaru
  2336 | D:2      | Bought a hunting sling for 31 gold pieces
  2976 | D:3      | Reached skill level 4 in Evocations
  2977 | D:3      | HP: 1/28 [gnoll (3)]
  2979 | D:3      | Slain by a gnoll

Illustrated notes

Levels and vault maps discovered:
D:1:      dpeg_arrival_three_same_balls, layout_basic, serial_shops,
          nicolae_shop_behind_doors
D:2:      minmay_evil_eye, layout_rooms, serial_shops, shop, basic_altar,
          nicolae_underground_beach
D:3:      layout_basic, nicolae_ru_path_of_blood, shapermc_ecumenical_altar_gd,
          minmay_strange_pillars, minmay_crystal_water, minmay_misc_feat_roman

Skill      XL: |  1  2  3  4 |
---------------+-------------+-----
Evocations     | 3 4 |  4.0
Fighting       | 2 3 |  3.5
Armour         | |  2.1
Dodging        | |  0.7
Stealth        | |  1.1

Action                   |  1- 3 |  4- 6 || total
-------------------------+-------+-------++-------
Melee: Club              |    84 |       ||    84
       Short sword       |   105 |    37 ||   142
       Punch             |     1 |       ||     1
       Halberd           |       |     9 ||     9
 Fire: Hunting sling     |       |     3 ||     3
Evoke: Wand              |       |     3 ||     3
  Use: Potion            |       |     2 ||     2
       Scroll            |       |     1 ||     1
 Stab: Sleeping          |     2 |       ||     2
Armor: Leather armour    |    79 |       ||    79
       Ring mail         |    15 |    19 ||    34
Dodge: Dodged            |   130 |    35 ||   165

Table legend: (Time is in decaauts)
 A = Elapsed time spent in this place.
 B = Non-inter-level travel time spent in this place.
 C = Inter-level travel time spent in this place.
 D = Time resting spent in this place.
 E = Time spent auto-exploring this place.
 F = Levels seen in this place.
 G = Mean time per level.
                   A        B        C        D        E       F      G
               +--------+--------+--------+--------+--------+-----+--------+
         Total |   3021 |   2796 |    225 |    840 |   1372 |   3 | 1007.0 |
       Dungeon |   3021 |   2796 |    225 |    840 |   1372 |   3 | 1007.0 |
               +--------+--------+--------+--------+--------+-----+--------+

Top non-repeatable levels by time:
     D:1: 1621 daAuts
     D:2: 829 daAuts
     D:3: 570 daAuts
